Map: Lerilak Crest

Players

capac

  • Race: Terran Terran
  • League: Gold

TheRedTerran - Winner!

  • Race: Terran Terran
  • League: Gold

VOD

Have the link to the VOD?

Description

Time

  • Played on: March 20, 2016, 3:57 p.m.
  • Length: 22:35
Show
View Real Time Build Order
Export as new Build Order

capac Terran 

Build Orders: MMM Bio 

Get SALT Encoding   

  12  0:00  SCV  
  13  0:13  SCV  
  14  0:18  Supply Depot  
  14  0:25  SCV  
  15  0:40  SCV  
  15  0:41  Barracks  
  16  0:48  Refinery  
  16  0:52  SCV  
  17  1:04  SCV  
  18  1:16  SCV  
  19  1:28  SCV  
  20  1:38  Supply Depot  
  20  1:50  Orbital Command  
  20  1:51  Command Center  
  20  2:01  Marine  
  21  2:19  Refinery, Factory  
  21  2:23  Marine  
  21  2:24  Barracks  
  22  2:33  SCV  
  23  2:42  Marine  
  24  2:45  SCV  
  25  2:57  SCV  
  26  3:00  Marine  
  27  3:08  Factory Tech Lab  
  27  3:10  Starport  
  27  3:16  Barracks Tech Lab  
  27  3:19  Bunker, SCV  
  28  3:25  Marine  
  29  3:35  Orbital Command  
  30  3:43  Marine  
  30  3:44  Marine  
  31  3:49  Siege Tank  
  31  3:51  Starport Reactor  
  34  3:56  Engineering Bay  
  34  4:00  SCV  
  35  4:05  Marine  
  36  4:10  Stimpack  
  36  4:16  SCV  
  36  4:17  SCV  
  38  4:24  Supply Depot  
  38  4:32  SCV x2  
  38  4:35  Medivac x2  
  38  4:38  Marine  
  45  4:41  Marine  
  46  4:46  SCV x2  
  46  4:50  Supply Depot  
  48  4:55  Marine  
  48  4:58  SCV x2  
  51  5:13  SCV x2  
  53  5:16  Marine  
  53  5:17  Marine  
  53  5:20  Siege Tank  
  58  5:21  Terran Infantry Weapons Level 1  
  58  5:24  Engineering Bay  
  58  5:25  SCV  
  59  5:31  Supply Depot, SCV  
  59  5:32  Refinery  
  59  5:34  Refinery  
  59  5:54  Starport, Siege Tank  
  62  6:09  Missile Turret x2  
  62  6:15  Missile Turret  
  62  6:18  Missile Turret  
  53  6:34  Marine x2  
  53  6:39  Missile Turret  
  55  6:45  Missile Turret  
  55  6:47  Starport Reactor  
  55  6:49  Missile Turret  
  55  6:51  Barracks, Marine, SCV x2  
  57  7:12  Viking  
  57  7:15  Marine x2  
  61  7:22  SCV x2  
  63  7:34  SCV x2  
  64  7:48  SCV  
  64  7:49  SCV  
  66  8:02  SCV x2  
  68  8:07  Marine x2  
  70  8:19  Missile Turret  
  70  8:20  Barracks Reactor  
  70  8:25  Barracks  
  70  8:33  Supply Depot  
  70  8:48  Supply Depot  
  70  8:49  Supply Depot  
  70  8:54  Marine x2  
  70  8:55  SCV x2, Medivac x2  
  78  9:09  Medivac  
  77  9:10  Liberator x2  
  77  9:12  Marine x2  
  64  9:25  Marine x2, Missile Turret  
  72  9:31  Barracks Reactor  
  72  9:34  Terran Infantry Armor Level 1  
  72  9:38  Missile Turret  
  72  9:40  Armory, SCV x2  
  74  9:48  Liberator  
  74  9:51  Missile Turret  
  74  9:59  Marine x2  
  76  10:03  Liberator, Barracks Reactor, Combat Shields  
  76  10:05  Liberator  
  79  10:09  SCV x2  
  87  10:31  Supply Depot  
  87  10:38  Supply Depot  
  87  10:43  Marine x5  
  87  10:44  Marine x2  
  94  10:59  Siege Tank  
  97  11:13  Marine x2  
  97  11:14  Marine x4  
  103  11:22  Command Center  
  103  11:26  Marine  
  103  11:28  SCV x2  
  103  11:31  Terran Infantry Weapons Level 2, Marine, Siege Tank  
  110  12:06  Marine  
  110  12:33  Viking x4, Marine x3  
  110  12:35  Marine x3  
  110  12:36  Marine  
  125  13:31  Viking  
  125  13:32  Viking  
  123  13:34  Viking  
  125  14:07  Supply Depot  
  125  14:29  Viking, Marine x4, Medivac  
  133  14:31  Supply Depot  
  133  14:32  Viking, Supply Depot, Marine x3, SCV x2  
  133  14:33  Supply Depot  
  133  14:34  Supply Depot  
  133  14:35  Terran Ship Weapons Level 1  
  133  14:36  Supply Depot  
  140  14:38  Viking  
  128  14:46  Marine x3  
  128  14:50  Marine x3  
  115  15:02  Medivac  
  101  15:38  Liberator  
  101  15:39  Liberator  
  87  15:54  Marine x7  
  87  15:55  Siege Tank  
  103  16:08  Viking x2  
  97  16:42  Liberator  
  83  16:58  Viking x3  
  92  17:11  Command Center  
  92  17:15  Orbital Command  
  92  17:20  Command Center  
  90  17:57  Liberator  
  80  18:45  Siege Tank  
  82  19:14  Orbital Command  
  81  19:21  Planetary Fortress  
  55  20:31  SCV  
  56  20:43  SCV  
  56  20:49  Missile Turret  
  57  20:51  Missile Turret  
  57  20:55  SCV  
  58  20:59  Refinery  
  58  21:01  Refinery  
  58  21:07  SCV  
  59  21:15  Missile Turret  
  59  21:22  Liberator x4  
Show
View Real Time Build Order
Export as new Build Order

TheRedTerran Terran - Winner!

Build Orders: Banshee Rush 

Get SALT Encoding   

  12  0:01  SCV  
  13  0:13  SCV  
  14  0:18  Supply Depot  
  14  0:25  SCV  
  15  0:33  Refinery  
  15  0:45  Barracks  
  15  0:48  SCV  
  16  1:00  Supply Depot  
  16  1:02  SCV  
  17  1:11  Refinery  
  17  1:15  SCV  
  18  1:46  Barracks Reactor  
  18  1:53  Factory  
  18  1:55  SCV  
  19  2:07  SCV  
  20  2:19  SCV  
  21  2:24  Marine x2  
  23  2:34  Orbital Command  
  23  2:41  Factory Tech Lab  
  23  2:42  Starport  
  23  2:43  Marine x2  
  25  3:09  SCV  
  25  3:12  Siege Tank  
  31  3:25  Starport Tech Lab  
  29  3:32  Starport Tech Lab  
  29  3:37  SCV  
  29  3:39  Command Center  
  30  3:51  Cloaking Field  
  30  4:00  Supply Depot  
  30  4:14  SCV  
  30  4:16  Supply Depot  
  31  4:22  Marine x2, Banshee  
  36  4:39  Supply Depot  
  36  4:57  Barracks x2  
  36  5:03  SCV  
  36  5:04  Factory, Banshee  
  40  5:07  Engineering Bay  
  40  5:15  Orbital Command  
  40  5:25  Siege Tank  
  43  5:38  Missile Turret  
  43  5:40  SCV  
  44  5:47  SCV  
  45  5:59  SCV  
  45  6:00  SCV  
  47  6:11  SCV  
  47  6:12  SCV  
  49  6:24  SCV  
  50  6:37  Factory Tech Lab  
  50  6:38  Barracks Tech Lab  
  50  6:39  Barracks Reactor  
  50  6:40  Marine, SCV x2  
  50  6:41  Marine  
  50  6:42  Siege Tank  
  57  6:52  SCV x2  
  59  6:58  Marine  
  59  7:01  Siege Tank  
  63  7:02  Marine x2  
  63  7:04  SCV x2  
  67  7:14  Siege Tank  
  70  7:23  Supply Depot  
  70  7:24  Supply Depot  
  70  7:26  Supply Depot x2  
  70  7:27  Stimpack  
  70  7:44  Marine x5, Siege Tank  
  70  7:46  Siege Tank  
  78  8:02  Marine x5  
  80  8:06  Viking  
  82  8:15  Starport  
  82  8:17  Refinery, Siege Tank  
  85  8:21  Refinery, Missile Turret  
  85  8:31  Marine x4  
  85  8:32  Marine, Siege Tank  
  93  8:36  Viking  
  95  8:51  Command Center  
  95  9:01  Starport Reactor  
  95  9:05  Starport  
  89  9:30  Marine x2  
  89  9:31  Marine x3  
  93  9:32  Siege Tank x2  
  100  9:43  Missile Turret  
  100  9:44  Missile Turret  
  100  9:48  Marine x2  
  102  9:53  Starport Reactor  
  102  10:00  Supply Depot  
  102  10:01  Supply Depot  
  102  10:02  Supply Depot  
  102  10:03  Marine x3  
  102  10:04  Widow Mine, Siege Tank  
  102  10:05  Missile Turret, Planetary Fortress  
  102  10:06  Missile Turret  
  110  10:08  SCV x2  
  110  10:13  Missile Turret  
  112  10:28  Factory  
  112  10:30  Barracks, Marine  
  112  10:31  Marine x3  
  112  10:33  Siege Tank  
  112  10:34  Missile Turret  
  119  10:36  Siege Tank  
  119  10:37  Viking  
  126  10:49  Medivac x2  
  128  11:02  SCV x3, Missile Turret  
  128  11:03  Marine x5  
  136  11:14  SCV, Medivac  
  136  11:15  Medivac  
  141  11:22  Factory Tech Lab  
  141  11:25  Barracks Reactor  
  141  11:31  Terran Infantry Weapons Level 1, Supply Depot  
  141  11:32  Supply Depot  
  141  11:34  Supply Depot  
  141  11:52  Viking, Marine x5  
  141  11:53  Siege Tank  
  151  11:55  Supply Depot  
  151  12:10  Marine x4  
  155  12:16  Marine x3  
  155  12:17  Siege Tank x2  
  164  12:28  Marine x3  
  164  12:29  Marauder  
  155  12:30  Siege Tank, Medivac  
  155  12:34  Marine x3  
  160  12:45  Refinery x2  
  160  12:46  Marine x2  
  160  12:50  Marauder  
  158  13:00  Marine x4  
  158  13:01  Viking  
  158  13:02  Viking x3  
  158  13:04  Marine x2  
  167  13:28  Marine  
  167  13:29  Marine x5  
  173  13:45  Supply Depot  
  173  13:46  Supply Depot x2  
  173  13:47  Supply Depot  
  173  14:07  Marine x7, Siege Tank x2  
  186  14:12  Siege Tank  
  189  14:22  Viking x2  
  193  14:25  Marine x5  
  193  14:27  Marine x2  
  182  15:16  Marine x3  
  182  15:17  Marine  
  165  15:27  Marine x3  
  171  15:28  Siege Tank x3  
  171  15:34  Marine x3  
  180  15:40  Marine  
  175  15:44  Marine x2  
  175  15:45  Marine  
  175  15:52  Marine  
  176  16:00  Siege Tank  
  169  16:05  Marine x6  
  169  16:07  Siege Tank  
  169  16:08  Medivac  
  169  16:09  Marine  
  181  16:22  Marine  
  181  16:23  Marine  
  133  16:44  Marine  
  133  16:45  Marine x5  
  119  16:58  Marine  
  119  17:00  Viking x4  
  125  17:02  Marine x2  
  125  17:03  Marine x3  
  130  17:20  Command Center  
  130  17:22  Refinery  
  130  17:40  Marine x6  
  130  17:41  Marine  
  137  17:58  Marine x3  
  135  18:05  Marine x3  
  121  18:06  Marine  
  121  18:07  Viking  
  112  18:15  Marine  
  112  18:16  Marine x2  
  115  18:23  Marine x4  
  119  18:33  Marine x3  
  119  18:34  Planetary Fortress  
  122  18:41  Marine x4  
  126  18:51  Marine x3  
  129  18:58  Marine  
  129  18:59  Marine  
  131  19:06  Marine x2  
  131  19:08  Viking x3  
  131  19:09  Marine x3  
  142  19:10  Siege Tank  
  142  19:16  Marine  
  146  19:22  Marine  
  147  19:24  Viking, Marine x2  
  147  19:27  Marine x3  
  146  19:48  Missile Turret  
  146  19:57  Missile Turret  
  131  20:16  Marine x3  
  131  20:17  Marine x4  
  138  20:34  Viking x4, Marine x4  
  138  20:35  Marine x3  
  153  20:52  Marine x4  
  153  20:53  Marine x2  
  159  21:04  Viking x2, Medivac  
  163  21:06  Siege Tank  
  163  21:07  Siege Tank x2  
  174  21:20  Marine x3  
  174  21:21  Marine  
  178  21:37  Medivac  
  178  21:38  Siege Tank  
Tags
 
Composition
MMM Bio
League
GoldGold
Matchup
TvT
Race
Terran
Strategy
Banshee Rush
Add a new tag
Caveats
  • Supply blocks, unpowered buildings, or Contaminate may cause inaccurate times.
  • Supply counts are checked every 10 seconds.